 Dungeon Crawl Stone Soup version 0.21-a0-506-ga0ee87aef2 (webtiles) character file.

13251 Niddhogr the Spear-Bearer (level 12, -1/88 HPs)
             Began as a Formicid Fighter on Nov 27, 2017.
             Was a High Priest of Okawaru.
             Slain by a cyan ugly thing (4 damage)
             ... on level 12 of the Dungeon.
             The game lasted 00:50:33 (13574 turns).

Niddhogr the Spear-Bearer (Formicid Fighter)       Turns: 13574, Time: 00:50:34

Health: -1/88      AC: 11    Str: 24    XL:     12   Next: 30%
Magic:  13/13      EV: 19    Int:  8    God:    Okawaru [*****.]
Gold:   580        SH: 13    Dex: 14    Spells: 11/11 levels left

rFire    . . .     SeeInvis +   F - +0 glaive
rCold    + + .     Gourm    .   c - +0 shield
rNeg     . . .     Faith    +   i - +2 scale mail {rC+}
rPois    +         Spirit   .   (helmet unavailable)
rElec    .         Reflect  .   r - +0 cloak
rCorr    .         Harm     .   (no gloves)
MR       +....                  (no boots)
Stlth    +++.......             m - amulet of faith
HPRegen  0.24/turn              q - ring of poison resistance
MPRegen  0.13/turn              v - ring of protection from cold

@: lethally poisoned (-1 -> -2), heroism
A: permanent stasis, dig shafts and tunnels, four strong arms, antennae 3, fangs
1, hooves 1, repulsion field 1, yellow scales 1, deformed body, frail 1, low mp
1, strong 1, MP-powered wands
a: Dig, Shaft Self, Heroism, Finesse, Renounce Religion


You were on level 12 of the Dungeon.
You worshipped Okawaru.
Okawaru was extremely pleased with you.
You were very hungry.

You visited 2 branches of the dungeon, and saw 13 of its levels.
You also visited: Sewer and Bailey.

You collected 580 gold pieces.

Inventory:

Hand Weapons
 B - a +0 trident
 F - a +0 glaive (weapon)
Armour
 b - a +0 troll leather armour
 c - a +0 shield (worn)
 i - a +2 scale mail of cold resistance (worn)
 l - a +1 crystal plate armour
 r - a +0 cloak (worn)
Jewellery
 m - an amulet of faith (around neck)
 q - a ring of poison resistance (left hand)
 v - a ring of protection from cold (right hand)
 C - a +3 amulet of reflection {unknown}
Wands
 y - a wand of polymorph (24)
 z - a wand of flame (39)
Scrolls
 e - 3 scrolls of fear
 f - 2 scrolls of fog
 g - a scroll of enchant armour
 h - a scroll of immolation
 n - 14 scrolls of remove curse
 t - 4 scrolls of enchant weapon
 G - a scroll of magic mapping
 H - a scroll of silence {unknown}
Potions
 a - a potion of resistance {unknown}
 k - a potion of lignification
 o - 2 potions of agility
 p - a potion of flight {unknown}
 s - a potion of curing
 w - 3 potions of mutation
 A - 2 potions of brilliance {unknown}
Comestibles
 d - 24 fruits
 u - 4 meat rations
 x - 6 royal jellies


   Skills:
 - Level 10.3(15.3) Fighting
 + Level 11.9(16.9) Polearms
 - Level 7.4(12.4) Armour
 - Level 6.4(11.4) Dodging
 * Level 6.2(11.2) Stealth
 - Level 6.1(11.1) Shields
 - Level 4.1 Invocations


You had 11 spell levels left.
You didn't know any spells.

Dungeon Overview and Level Annotations

Branches:
Dungeon (12/15)            Temple (1/1) D:5            Lair (0/6) D:8
    Orc (0/2) D:10

Altars:
Ashenzari
Cheibriados
Dithmenos
Elyvilon
Fedhas
Gozag
Hepliaklqana
Kikubaaqudgha
Makhleb
Nemelex Xobeh
Okawaru
Qazlal
Ru
Sif Muna
Trog
Uskayaw
Vehumet
Wu Jian
Xom
Yredelemnul
Zin
The Shining One

Shops:
D:10 [(   D:12 %

Annotations:
D:8 exclusion: door
D:12 1 runed door, exclusion: door


Innate Abilities, Weirdness & Mutations

You cannot be hasted, slowed, berserked, paralysed or teleported.
You can dig through walls and to a lower floor.
Your four strong arms can wield two-handed weapons with a shield.
You have a pair of large antennae on your head. (SInv)
You have very sharp teeth.
You have large cloven feet.
You are surrounded by a mild repulsion field. (EV +2)
You are partially covered in yellow scales. (AC +2)
Armour fits poorly on your strangely shaped body.
You are frail. (-10% HP)
Your magical capacity is low. (-10% MP)
Your muscles are strong. (Str +2)
You expend magic power (3 MP) to strengthen your wands.


Message History

The cyan ugly thing is moderately wounded.
The cyan ugly thing misses you.
You closely miss the cyan ugly thing. You kick the cyan ugly thing.
You bite the cyan ugly thing, but do no damage.
The cyan ugly thing is moderately wounded.
The cyan ugly thing headbutts you!
* * * LOW HITPOINT WARNING * * *
The cyan ugly thing shocks you!
* * * LOW HITPOINT WARNING * * *
Press: ? - help, v - describe, . - travel, g - get item
Here: a cyan ugly thing (moderately wounded)
A giant club.
There is something else lying underneath.
The floor, spattered with blood.
Unknown command.
Okay, then.
As you read the scroll of fear, it crumbles to dust.
You assume a fearsome visage.
The cyan ugly thing easily resists.
You feel sick. The cyan ugly thing headbutts you.
You die...

#.......... ##...........#
#.........###.............
#.......5##.............#
#..........#...........#
#.......###.......#
##...O.## #..######
##...## #### #{#### ##a#@#
##u## ###


You could see a cyan ugly thing.

Vanquished Creatures
  The ghost of Brujo888 the Tortoise, a journeyman MiFi of Makhleb (D:12)
  Erica (D:8)
  4 two-headed ogres
  Pikel (D:5)
  A wolf spider (D:11)
  2 cyclopes
  A gargoyle (D:12)
  A rime drake (shapeshifter) (D:8)
  A troll (D:9)
  Grinder (D:5)
  Prince Ribbit (D:5)
  2 hippogriffs
  3 wyverns
  A shadow (D:12)
  A hungry ghost (D:7)
  Purgy (Sewer)
  3 orc warriors
  2 black bears
  An ice beast (D:8)
  4 sky beasts
  A necrophage (D:9)
  4 slaves (D:5)
  A hornet zombie (D:11)
  3 ogres
  2 phantoms
  3 centaurs
  2 big kobolds
  Blork the orc (D:6)
  6 bullfrogs
  5 scorpions
  11 killer bees
  13 wights
  An electric eel (D:10)
  A bullfrog zombie (D:11)
  5 crimson imps
  2 hounds
  Crazy Yiuf (D:2)
  4 orc priests
  2 gnoll shamans
  2 jellies
  6 bullfrog skeletons
  3 centaur skeletons
  8 orc wizards
  3 iguanas
  4 worker ants
  3 hound zombies
  A hound skeleton (D:5)
  2 worker ant zombies (D:7)
  13 gnolls
  13 adders
  A howler monkey skeleton (D:7)
  A shadow imp (D:5)
  2 oozes
  2 adder zombies
  An adder skeleton (D:8)
  2 worms
  2 dart slugs
  2 leopard geckos
  22 orcs
  A bat zombie (D:1)
  7 giant cockroaches
  7 goblins
  8 hobgoblins
  11 jackals
  12 kobolds
  8 quokkas
  2 ball pythons
  8 bats
  10 frilled lizards
  A jackal zombie (D:1)
  A leopard gecko skeleton (D:5)
  2 quokka skeletons
  A quokka zombie (D:6)
  10 rats
  A butterfly (D:5)
284 creatures vanquished.

Notes
Turn   | Place    | Note
-------+----------+-------------------------------------------
     0 | D:1      | Niddhogr the Formicid Fighter began the quest for the Orb.
     0 | D:1      | Reached XP level 1. HP: 18/18 MP: 1/1
   143 | D:1      | Reached XP level 2. HP: 8/24 MP: 2/2
   643 | D:1      | Reached XP level 3. HP: 30/30 MP: 3/3
   650 | D:1      | Reached skill level 3 in Polearms
  1170 | D:1      | Reached XP level 4. HP: 37/37 MP: 4/4
  1337 | D:2      | Found an ornate altar of the Wu Jian Council.
  1736 | D:2      | Found a deep blue altar of Sif Muna.
  2338 | D:2      | Found a runed door.
  2442 | D:2      | Noticed Crazy Yiuf
  2447 | D:2      | Killed Crazy Yiuf
  2447 | D:2      | Reached skill level 4 in Polearms
  2447 | D:2      | Reached XP level 5. HP: 35/42 MP: 5/5
  2701 | D:3      | Found a shimmering altar of Xom.
  2723 | D:3      | Found a hide-covered altar of Uskayaw.
  3268 | D:4      | Reached XP level 6. HP: 41/50 MP: 6/6
  3277 | D:4      | Reached skill level 5 in Polearms
  3412 | D:3      | Reached skill level 5 in Fighting
  4328 | D:5      | Entered Level 5 of the Dungeon
  4361 | D:5      | Noticed a slave
  4361 | D:5      | Noticed a slave
  4362 | D:5      | Noticed Pikel
  4375 | D:5      | Killed a slave
  4382 | D:5      | Noticed a slave
  4400 | D:5      | Killed Pikel
  4400 | D:5      | Reached skill level 7 in Polearms
  4400 | D:5      | Reached XP level 7. HP: 36/58 MP: 7/7
  4400 | D:5      | Reached XP level 8. HP: 39/64 MP: 8/8
  4446 | D:5      | Noticed Prince Ribbit
  4608 | D:5      | Found a staircase to the Ecumenical Temple.
  4615 | Temple   | Entered the Ecumenical Temple
  4827 | D:5      | Found a glowing drain.
  4836 | Sewer    | Entered a sewer
  4956 | Sewer    | Noticed Purgy
  4971 | Sewer    | Killed Purgy
  4971 | Sewer    | Reached skill level 1 in Dodging
  5187 | D:5      | Reached skill level 8 in Polearms
  5224 | D:5      | Killed Prince Ribbit
  5245 | D:5      | Noticed Grinder
  5279 | D:5      | Killed Grinder
  5279 | D:5      | Reached XP level 9. HP: 41/72 MP: 9/9
  5715 | D:6      | Noticed Blork the orc
  5730 | D:6      | Killed Blork the orc
  5730 | D:6      | Reached skill level 1 in Stealth
  6141 | D:6      | Found an opulent altar of Gozag.
  6541 | D:7      | Noticed a troll
  6636 | D:7      | Found a flagged portal.
  6646 | Bailey   | Entered a bailey
  6646 | Bailey   | Noticed an orc knight
  6646 | Bailey   | Noticed Zaque's ghost (novice TrMo)
  6658 | Bailey   | Noticed an orc knight
  6997 | D:7      | Reached skill level 9 in Polearms
  7186 | D:7      | Reached skill level 5 in Stealth
  7785 | D:7      | Reached XP level 10. HP: 14/79 MP: 10/10
  8421 | D:7      | Found a radiant altar of Vehumet.
  8583 | D:8      | Noticed a two-headed ogre
  8586 | D:8      | Found an iron altar of Okawaru.
  8619 | D:8      | Killed a two-headed ogre
  8632 | D:8      | Became a worshipper of Warmaster Okawaru
  8693 | D:8      | Found a shadowy altar of Dithmenos.
  8708 | D:8      | Noticed Erica
  8731 | D:8      | You fall through a shaft!
  8742 | D:9      | Noticed a seven-headed hydra
  9224 | D:8      | Found a runed door.
  9238 | D:8      | Reached skill level 10 in Polearms
  9505 | D:8      | Noticed a harpy
  9538 | D:8      | Found a burning altar of Makhleb.
  9728 | D:8      | Found a staircase to the Lair.
  9844 | D:8      | Reached * piety under Okawaru
  9940 | D:8      | Found a runed door.
 10035 | D:8      | Reached skill level 1 in Invocations
 10227 | D:8      | Noticed a rime drake
 10227 | D:8      | a harpy changed into a rime drake
 10237 | D:8      | Killed a rime drake
 10248 | D:8      | Reached ** piety under Okawaru
 10335 | D:8      | Killed Erica
 10335 | D:8      | Reached skill level 10 in Fighting
 10335 | D:8      | Reached XP level 11. HP: 66/92 MP: 12/14
 10507 | D:9      | Noticed a two-headed ogre
 10542 | D:9      | Killed a two-headed ogre
 10542 | D:9      | Reached *** piety under Okawaru
 10542 | D:9      | Reached skill level 5 in Armour
 11299 | D:9      | Gained mutation: You are surrounded by a mild repulsion field. (EV +2) [mutagenic meat]
 11300 | D:9      | Gained mutation: You expend magic power (3 MP) to strengthen your wands. [mutagenic meat]
 11301 | D:9      | Gained mutation: You are partially covered in yellow scales. (AC +2) [mutagenic meat]
 11303 | D:9      | Gained mutation: Armour fits poorly on your strangely shaped body. [mutagenic meat]
 11304 | D:9      | Gained mutation: You are frail. (-10% HP) [mutagenic meat]
 11797 | D:10     | Entered Level 10 of the Dungeon
 11807 | D:10     | Found Oduigai's Weapon Boutique.
 11807 | D:10     | Found a staircase to the Orcish Mines.
 11807 | D:10     | Found Esing's Armour Boutique.
 11914 | D:10     | Reached skill level 11 in Polearms
 12009 | D:10     | Noticed a two-headed ogre
 12025 | D:10     | Killed a two-headed ogre
 12025 | D:10     | Reached **** piety under Okawaru
 12278 | D:10     | Gained mutation: You have very sharp teeth. [mutagenic meat]
 12279 | D:10     | Gained mutation: Your muscles are strong. (Str +2) [mutagenic meat]
 12280 | D:10     | Gained mutation: You have large cloven feet. [mutagenic meat]
 12281 | D:10     | Gained mutation: Your magical capacity is low. (-10% MP) [mutagenic meat]
 12763 | D:11     | Reached skill level 5 in Dodging
 12815 | D:11     | Noticed a wolf spider
 12870 | D:11     | Killed a wolf spider
 13008 | D:11     | Noticed a cyclops
 13034 | D:11     | Killed a cyclops
 13271 | D:12     | Noticed Brujo888's ghost (journeyman MiFi)
 13292 | D:12     | Killed Brujo888's ghost
 13292 | D:12     | Reached ***** piety under Okawaru
 13292 | D:12     | Reached XP level 12. HP: 58/88 MP: 11/13
 13309 | D:12     | Noticed an eight-headed hydra
 13425 | D:12     | Found a runed door.
 13425 | D:12     | Noticed a tengu reaver
 13425 | D:12     | Noticed a fire giant
 13425 | D:12     | Noticed a tengu reaver
 13426 | D:12     | Found the ring of Robustness {AC+8}
 13433 | D:12     | Noticed a deep elf annihilator
 13494 | D:12     | Found Plog's Food Shoppe.
 13528 | D:12     | Reached skill level 5 in Shields
 13541 | D:12     | Noticed a two-headed ogre
 13563 | D:12     | Killed a two-headed ogre
 13573 | D:12     | HP: 3/88 [cyan ugly thing (12)]
 13574 | D:12     | Slain by a cyan ugly thing

Vault maps used:
D:1:      saegor_arrival_fortress, minmay_heptomino_d4
D:2:      lemuel_blue_sif_altar, lemuel_crystal_altar, uniq_crazy_yiuf_cottage
D:3:      old_standard_altar, lemuel_crystal_altar, grunt_ministairs_15,
          st_stairs_10, hangedman_decor_lopped, serial_bayou_ford_a,
          kennysheep_generic_room_9
D:5:      minmay_temple_entry_butterflies, first_bread, portal_sewer_entry_d,
          minmay_misc_feat_alley, uniq_prince_ribbit1, uniq_grinder, uniq_pikel
D:6:      marbit_many_paths, uniq_blork_the_orc
D:7:      kennysheep_mini, enter_bailey_8
D:8:      cheibrodos_histonic, okawaru_gym_becter, overflow_temple_1_default,
          makhleb_heckhound_becter, lair_entry_dummy, uniq_erica
D:9:      minmay_weird_star
D:10:     orc_david_3, water_boxes_lemuel
D:11:     minmay_cornered_nines, blue_anna_alchemist
D:12:     minmay_gate_of_8, serial_shops, nicolae_shop_crystal,
          roderic_roman_lattice
Temple:   dshaligram_water_room_temple
Sewer:    kennysheep_door_sewer
Bailey:   bailey_polearm_4, bailey

Skill      XL: |  1  2  3  4  5  6  7  8  9 10 11 12 |
---------------+-------------------------------------+-----
Polearms       | 3 4 7 8 9 10 11 | 11.9
Fighting       | 4 6 7 10 | 10.3
Dodging        | 4 6 |  6.4
Shields        | 4 6 |  6.1
Armour         | 4 7 |  7.4
Stealth        | 6 |  6.2
Invocations    | 4 |  4.1

Action                   |  1- 3 |  4- 6 |  7- 9 | 10-12 || total
-------------------------+-------+-------+-------+-------++-------
Melee: Trident           |   157 |   308 |   506 |   606 ||  1577
       Glaive            |       |       |       |    93 ||    93
       Kick              |       |       |       |    32 ||    32
       Bite              |       |       |       |    14 ||    14
Throw: Throwing net      |       |       |       |     1 ||     1
Invok: Heroism           |       |       |       |     8 ||     8
 Abil: Dig               |       |       |       |     5 ||     5
       Shaft Self        |       |       |       |     1 ||     1
Evoke: Wand              |       |       |       |     8 ||     8
  Use: Scroll            |       |     3 |    11 |     6 ||    20
       Potion            |       |     1 |     7 |     4 ||    12
 Stab: Sleeping          |       |       |       |     5 ||     5
       Held in net/web   |       |       |       |     1 ||     1
       Distracted        |       |       |       |     1 ||     1
  Eat: Chunk             |     1 |     4 |     4 |    23 ||    32
       Bread ration      |       |     1 |     1 |     1 ||     3
       Meat ration       |       |     1 |       |     1 ||     2
Armor: Scale mail        |    61 |    95 |   101 |   123 ||   380
       Skin              |       |       |    16 |    27 ||    43
Dodge: Dodged            |    42 |    87 |   151 |   216 ||   496
Block: Shield            |    77 |   128 |   204 |   230 ||   639

Table legend:
 A = Spawn XP
 B = Non-spawn XP
 C = Spawn XP percentage of total XP
 D = Spawn monster count
 E = Non-spawn monster count
 F = Spawn count percentage of total count
 G = Total turns spent on level
                    A         B        C        D         E        F      G
               +---------+---------+-------+---------+---------+-------+---------
         Total |       0 |   18931 |   0.0 |       0 |     279 |   0.0 | 13574
               +---------+---------+-------+---------+---------+-------+---------
           D:1 |       0 |      69 |   0.0 |       0 |      35 |   0.0 |  1333
           D:2 |       0 |      76 |   0.0 |       0 |      13 |   0.0 |  1145
           D:3 |       0 |     100 |   0.0 |       0 |      24 |   0.0 |   657
           D:4 |       0 |     203 |   0.0 |       0 |      16 |   0.0 |  1193
           D:5 |       0 |    1709 |   0.0 |       0 |      23 |   0.0 |   970
           D:6 |       0 |     458 |   0.0 |       0 |      19 |   0.0 |   944
           D:7 |       0 |    1222 |   0.0 |       0 |      22 |   0.0 |  1804
           D:8 |       0 |    4201 |   0.0 |       0 |      39 |   0.0 |  1778
           D:9 |       0 |    2627 |   0.0 |       0 |      31 |   0.0 |  1581
          D:10 |       0 |    1939 |   0.0 |       0 |      23 |   0.0 |   809
          D:11 |       0 |    2580 |   0.0 |       0 |      19 |   0.0 |   674
          D:12 |       0 |    3591 |   0.0 |       0 |       9 |   0.0 |   294
         Sewer |       0 |     156 |   0.0 |       0 |       6 |   0.0 |   281
               +---------+---------+-------+---------+---------+-------+---------
